 Dungeon Crawl Stone Soup version 0.31-a0-217-g58bb5d79cf (webtiles) character file.

Game seed: 1498459938069567301

51574 erloom the Transmogrifier (level 14, -30/115 HPs)
             Began as a Black Draconian Transmuter on July 2, 2023.
             Was the Champion of Okawaru.
             Annihilated by an ettin
             ... wielding a +0 dire flail
              (31 damage)
             ... on level 10 of the Dungeon.
             The game lasted 01:03:56 (23350 turns).

erloom the Transmogrifier (DrTm)                   Turns: 23350, Time: 01:03:57

Health: -30/115    AC: 18    Str: 12    XL:     14   Next: 23%
Magic:  0/23       EV: 16    Int: 19    God:    Okawaru [******]
Gold:   710        SH:  0    Dex: 17    Spells: 14/29 levels left

rFire   . .          .
                       - Unarmed
rCold   . . .        A - melded +0 buckler
rNeg    . . .        (body armour unavailable)
rPois   +            K - +0 hat of Subleos {Drain rCorr Int+3}
rElec   +            r - +2 cloak of Hedge Wizardry {rElec Will+ SInv}
rCorr   +            M - melded +2 pair of gloves {Dex+3}
SInv    +            l - +2 pair of boots {Fly}
Will    ++...        i - amulet of guardian spirit
Stlth   ++           R - ring of poison resistance
HPRegen 0.39/turn    L - +4 ring of protection
MPRegen 0.18/turn

%: guardian spirit
@: blade hands, wereblooded (expiring), flying
A: flying, breathe lightning, AC +8, unfitting armour, big wings, electricity
resistance, cold-blooded, agile 1, low MP 1
a: Breathe Lightning, End Transformation, Renounce Religion, Heroism, Finesse,
Duel


You were on level 10 of the Dungeon.
You worshipped Okawaru.
Okawaru was exalted by your worship.
You had blades for hands.
You visited 3 branches of the dungeon, and saw 16 of its levels.
You also visited: Bailey.

You collected 1430 gold pieces.
You spent 720 gold pieces at shops.

Inventory:

Missiles
 f - 3 boomerangs of dispersal
 s - 17 boomerangs
 t - an atropa-tipped dart
Armour
 l - a +2 pair of boots of flying (worn)
 p - a +0 cloak
 r - the +2 cloak of Hedge Wizardry (worn) {rElec Will+ SInv}
   (You acquired it on level 7 of the Dungeon)

   rElec:     It insulates you from electricity.
   SInv:      It lets you see invisible.
   Will:      It increases your willpower.
 A - a +0 buckler (melded)
 K - the +0 hat of Subleos (worn) {Drain rCorr Int+3}
   (Okawaru gifted it to you on level 3 of the Lair of Beasts)

   Int:       It affects your intelligence (+3).
   rCorr:     It protects you from acid and corrosion.
   Drain:     It drains your maximum health when unequipped.
 M - a +2 pair of gloves of dexterity (melded)
 P - a scarf of invisibility
 Q - the +0 pair of gloves "Xaxt" {rC- rN+ Regen+}
   (Okawaru gifted it to you on level 5 of the Lair of Beasts)

   rC:        It makes you vulnerable to cold.
   rN:        It protects you from negative energy.
   Regen:     It increases your rate of health regeneration.
Magical Staves
 o - a staff of air
Jewellery
 i - an amulet of guardian spirit (around neck)
 j - a ring of resist corrosion
 y - an amulet of magic regeneration
 L - a +4 ring of protection (right blade hand)
 N - a ring of flight
 R - a ring of poison resistance (left blade hand)
 S - an amulet of the acrobat
Wands
 x - a wand of iceblast (16)
 E - a wand of paralysis (10)
 G - a wand of light (13)
 U - a wand of polymorph (3)
Scrolls
 d - 3 scrolls of amnesia {unknown}
 e - 3 scrolls of brand weapon {unknown}
 h - 5 scrolls of teleportation
 k - a scroll of revelation {unknown}
 q - a scroll of poison {unknown}
 u - 3 scrolls of vulnerability {unknown}
 v - a scroll of immolation
 w - a scroll of noise {unknown}
 z - 2 scrolls of fog
 B - a scroll of torment
 C - 2 scrolls of silence
 H - 2 scrolls of fear {unknown}
 J - 3 scrolls of blinking
 T - a scroll of enchant weapon {unknown}
Potions
 a - a potion of lignification
 b - a potion of haste {unknown}
 c - 3 potions of attraction {unknown}
 g - 2 potions of berserk rage {unknown}
 m - 2 potions of heal wounds
 n - 3 potions of magic
 D - 4 potions of curing
 F - 3 potions of cancellation {unknown}
 I - 2 potions of invisibility
 V - a potion of enlightenment {unknown}
Miscellaneous
 O - a phial of floods


   Skills:
 - Level 8.0 Fighting
 - Level 8.0 Dodging
 - Level 3.0 Stealth
 - Level 5.0 Shields
 + Level 11.0 Unarmed Combat
 + Level 8.2 Spellcasting
 + Level 12.4 Transmutations
 - Level 6.0 Ice Magic
 - Level 4.0 Air Magic
 - Level 3.0 Poison Magic
 + Level 9.4 Invocations
 - Level 5.0 Evocations


You had 14 spell levels left.
You knew the following spells:

 Your Spells              Type           Power      Damage    Failure   Level
a - Beastly Appendage     Tmut           100%       N/A       6%          1
b - Wereblood             Tmut           53%        N/A       7%          2
c - Spider Form           Tmut/Pois      37%        N/A       16%         3
d - Ice Form              Ice/Tmut       42%        N/A       21%         4
e - Blade Hands           Tmut           26%        N/A       19%         5

Your spell library contained the following spells:

 Spells                   Type           Power      Damage    Failure   Level
 Freeze                   Ice            100%       1d10      14%         1
 Frozen Ramparts          Ice            60%        1d10      22%         3
 Ozocubu's Armour         Ice            30%        N/A       22%         3
 Ignite Poison            Fire/Tmut/Pois 27%        N/A       26%         3
 Cigotuvi's Dreadful Rot  Necr/Pois/Air  32%        N/A       34%         2
 Static Discharge         Conj/Air       30%        2-4/arc   36%         2
 Hailstorm                Conj/Ice       19%        3d6       41%         3
 Foxfire                  Conj/Fire      28%        2x1d5     43%         1
 Necrotise                Necr           28%        1d5       43%         1
 Sublimation of Blood     Necr           7%         N/A       54%         2
 Airstrike                Air            11%        2d(2-18)  58%         4
 Irradiate                Conj/Tmut      15%        3d16      61%         5
 Gell's Gravitas          Tloc           7%         N/A       69%         3
 Portal Projectile        Hex/Tloc       14%        N/A       69%         3
 Teleport Other           Tloc           7%         N/A       69%         3
 Vampiric Draining        Necr           7%         2d6       69%         3
 Dragon Form              Tmut           26%        N/A       82%         7
 Freezing Cloud           Conj/Ice/Air   10%        6-21      89%         5
 Metabolic Englaciation   Hex/Ice        9%         N/A       91%         5
 Passage of Golubria      Tloc           7%         N/A       94%         4
 Sticky Flame             Conj/Fire      7%         2d3       94%         4
 Silence                  Hex/Air        7%         N/A       96%         5
 Agony                    Necr           7%         N/A       99%         5
 Fireball                 Conj/Fire      3%         3d4       99%         5
 Dispersal                Tloc           3%         N/A       100%        6
 Plasma Beam              Fire/Air       7%         2x1d18    100%        6
 Starburst                Conj/Fire      3%         6d3       100%        6
 Ozocubu's Refrigeration  Ice            15%        4d10      100%        7
 Ignition                 Fire           3%         3d4       100%        8
 Lehudib's Crystal Spear  Conj/Erth      3%         10d3      100%        8
 Tukima's Dance           Hex            Unusable   N/A       N/A         3
 Summon Lightning Spire   Summ/Air       Unusable   N/A       N/A         4
 Simulacrum               Ice/Necr       Unusable   N/A       N/A         6
 Summon Hydra             Summ           Unusable   N/A       N/A         7

Dungeon Overview and Level Annotations

Branches:
Dungeon (10/15)            Temple (0/1) D:6            Lair (5/5) D:9
 Shoals (0/4) Lair:2        Snake (0/4) Lair:3        Slime (0/5) Lair:5
    Orc (1/2) D:10         Bailey (visited)

Altars:
Ashenzari
Cheibriados
Elyvilon
Fedhas
Gozag
Kikubaaqudgha
Okawaru
Uskayaw
Vehumet
Xom
Yredelemnul
Zin
The Shining One
Jiyva

Shops:
D:1 ?=[((   D:5 ((   D:10 [*

Portals:
Trove: D:10 (give +5 demon blade)

Annotations:
D:3 exclusion: downstairs
D:4 exclusion: statue
D:7 exclusion: downstairs
Lair:2 exclusion: skyshark


Innate Abilities, Weirdness & Mutations

You have blades for hands.
You are flying.
Your spellcasting is less reliable in this form.
You are incapable of wielding weapons or throwing items.
You can breathe wild blasts of lightning.
Your glossy black scales are hard. (AC +8)
You cannot fit into any form of body armour.
Your large and strong wings let you fly.
You are resistant to electric shocks. (rElec)
You are cold-blooded and may be slowed by cold attacks.
You are agile. (Dex +4, Str/Int -1)
Your magical capacity is low. (-10% MP)


Message History

There is a staircase to the Orcish Mines here.
Your primal bloodlust is almost over.
The ettin attacks as you move away!
The ettin hits you with a +0 dire flail!
The ettin closely misses you.
There is an open door here.
Casting: Wereblood (safe; 7% risk of failure)
Confirm with . or Enter, or press ? or * to list all spells.
Your hands revert to their normal proportions.
Your +2 pair of gloves of dexterity unmelds from your body.
Your +0 buckler unmelds from your body.
You feel agile.
You grow a pair of large bovine horns.
Your feet morph into talons.
The +0 hat of Subleos {Drain rCorr Int+3} melds into your body.
Your +2 pair of boots of flying melds into your body.
The ettin barely misses you.
The ettin hits you with a +0 dire flail!
You barely miss the ettin. You claw the ettin, but do no damage.
You headbutt the ettin, but do no damage.
You tail-slap the ettin.
The ettin is lightly wounded.
Casting: Beastly Appendage (safe; 1% risk of failure)
Confirm with . or Enter, or press ? or * to list all spells.
Your horns disappear.
Your talons disappear.
The +0 hat of Subleos {Drain rCorr Int+3} unmelds from your body.
Your +2 pair of boots of flying unmelds from your body.
You feel rather light.
Your hands turn into razor-sharp scythe blades.
Your +2 pair of gloves of dexterity melds into your body.
Your +0 buckler melds into your body.
You feel clumsy.
The ettin hits you with a +0 dire flail!
The ettin hits you with a +0 dire flail!!
Unknown command.
You completely miss the ettin.
The ettin is lightly wounded.
The ettin hits you with a +0 dire flail!!!
* * * LOW HITPOINT WARNING * * *
The ettin hits you with a +0 dire flail!!
You die...

#..# ##### ##### ## ...#
#...# #...### #.## ####.8.#
#.8...## .(########..#...##
##...#..#
............##.#'###'#####.#
####...##...##.##[.)##
#.###### #∩...∩#...##.##.>.#
#..).)..
#....(#...##.##Co.##
#####)..
#∩.⌠.∩#...##.#@###'#### #...
###...).#...#)..#####...#
#...
..#∩...∩#..[))8.......8.#
#...
..##...##)[)#)..#####...#
#...
....##..))#.##########.##
###### ###########...#
#..###.# #..... #...#
##...#.# #.#### #####
###.#.# ##.# #...####..#


You could see an ettin and an orc wizard (invisible).

Vanquished Creatures
  3 hydras
  3 two-headed ogres
  A centaur warrior (D:9)
  A death yak (Lair:5)
  13 spriggans (Lair:5)
  3 skysharks
  A lindwurm (Lair:4)
  An orc knight (Bailey)
  A wolf spider (Lair:2)
  An orc sorcerer (Bailey)
  A cyclops (D:10)
  Joseph (D:8)
  20 elephants
  2 black mambas
  Maggie (D:10)
  8 cane toads
  A rime drake (Lair:2)
  An unseen horror (D:10)
  15 komodo dragons
  A kobold demonologist (Bailey)
  2 trolls
  5 polar bears (Lair:5)
  9 blink frogs
  5 dream sheep
  Prince Ribbit (D:7)
  5 hornets (Lair:5)
  10 wyverns
  Eustachio (D:5)
  Grum (D:10)
  26 yaks
  5 steam dragons
  3 vampire mosquitoes (Lair:1)
  6 basilisks
  2 wargs (Orc:1)
  2 nagas (Lair:3)
  11 water moccasins
  Duvessa (D:6)
  12 orc warriors
  An ice beast (D:7)
  3 sky beasts
  5 black bears
  7 boggarts (Lair:5)
  5 ogres
  44 wolves
  6 centaurs
  A phantom (D:4)
  5 kobold brigands
  8 bullfrogs
  A scorpion (D:5)
  2 wights (D:8)
  Dowan (D:6)
  16 killer bees
  11 electric eels
  3 howler monkeys
  A lava snake (D:9)
  A centaur zombie (D:7)
  A bullfrog zombie (D:7)
  7 hounds
  9 orc priests
  2 gnoll boudas
  3 iguanas (D:6)
  3 jellies
  A sleepcap (D:6)
  11 orc wizards
  2 killer bee zombies (D:7)
  3 howler monkey zombies (D:7)
  Robin (D:2)
  14 gnolls
  10 adders
  3 shadow imps
  An ufetubus (D:5)
  3 dart slugs
  58 orcs
  8 endoplasms
  13 hobgoblins
  20 kobolds
  4 quokkas
  4 ball pythons (D:1)
  7 bats
  5 frilled lizards
  23 goblins
  4 rats
527 creatures vanquished.

Vanquished Creatures (others)
  A human (D:3)
  A goblin (D:7)
2 creatures vanquished.

Grand Total: 529 creatures vanquished

Notes
Turn   | Place    | Note
-------+----------+-------------------------------------------
     0 | D:1      | erloom the Draconian Transmuter began the quest for the
                  | Orb.
     0 | D:1      | Reached XP level 1. HP: 16/16 MP: 3/3
    83 | D:1      | Found Zioziodd's Antique Armour Shop.
   169 | D:1      | Reached XP level 2. HP: 23/23 MP: 5/5
   177 | D:1      | Found Owna's Jewellery Emporium.
   189 | D:1      | Found Buoclock's Magic Scroll Emporium.
   196 | D:1      | Bought a scroll of identify for 20 gold pieces
   331 | D:1      | Found Moad Hest's Antique Weapon Boutique.
   387 | D:1      | Found Suotyet's Weapon Boutique.
   598 | D:2      | Found a faded altar of an unknown god.
   666 | D:2      | Reached XP level 3. HP: 28/28 MP: 4/6
  1102 | D:2      | Found an iron altar of Okawaru.
  1116 | D:2      | Became a worshipper of Warmaster Okawaru
  1162 | D:2      | Noticed Robin
  1179 | D:2      | Reached skill level 5 in Unarmed Combat
  1179 | D:2      | Reached XP level 4. HP: 18/35 MP: 5/7
  1291 | D:1      | Learned a level 2 spell: Wereblood
  1312 | D:2      | Killed Robin
  1359 | D:2      | Reached skill level 3 in Transmutations
  1378 | D:2      | Learned a level 3 spell: Spider Form
  1669 | D:2      | Reached XP level 5. HP: 40/40 MP: 8/8
  1974 | D:3      | Found an ancient bone altar of Kikubaaqudgha.
  1975 | D:3      | Noticed a human
  1977 | D:3      | Killed a human
  2004 | D:3      | Reached skill level 1 in Poison Magic
  2183 | D:3      | Found a glowing golden altar of the Shining One.
  2336 | D:4      | Noticed an ogre
  2358 | D:4      | Reached skill level 4 in Transmutations
  2365 | D:4      | Reached * piety under Okawaru
  2367 | D:4      | Reached XP level 6. HP: 47/47 MP: 6/9
  2367 | D:4      | Noticed a +0 dagger
  2367 | D:4      | Noticed a +0 hand axe
  2394 | D:4      | Found a hide-covered altar of Uskayaw.
  2459 | D:4      | Found a white marble altar of Elyvilon.
  2627 | D:4      | Reached skill level 1 in Stealth
  2627 | D:4      | Your scales start taking on a glossy black colour.
  2627 | D:4      | Reached XP level 7. HP: 55/55 MP: 7/11
  2627 | D:4      | Gained mutation: You are resistant to electric shocks.
                  | (rElec) [Black Draconian growth]
  2678 | D:4      | Reached ** piety under Okawaru
  2679 | D:4      | Reached skill level 5 in Transmutations
  2712 | D:4      | Found an opulent altar of Gozag.
  2997 | D:4      | Found a radiant altar of Vehumet.
  3169 | D:4      | Found a blossoming altar of Fedhas.
  3318 | D:5      | Entered Level 5 of the Dungeon
  3321 | D:5      | Noticed Eustachio
  3357 | D:5      | Killed Eustachio
  3467 | D:5      | Reached skill level 6 in Transmutations
  3535 | D:5      | Found Herghoju's Weapon Shoppe.
  3837 | D:5      | Reached XP level 8. HP: 61/61 MP: 9/13
  3867 | D:5      | Found Pyidokik's Hydra Hut.
  3871 | D:5      | Noticed a seven-headed hydra
  4793 | D:6      | Reached skill level 1 in Shields
  5147 | D:6      | Noticed Duvessa
  5154 | D:6      | Killed Duvessa
  5154 | D:6      | Noticed Dowan
  5157 | D:6      | Killed Dowan
  5269 | D:6      | Learned a level 4 spell: Ice Form
  5442 | D:6      | Reached *** piety under Okawaru
  5443 | D:6      | Reached skill level 1 in Air Magic
  5716 | D:6      | Found a staircase to the Ecumenical Temple.
  6168 | D:7      | Reached XP level 9. HP: 59/67 MP: 9/15
  6365 | D:7      | Found a basalt altar of Yredelemnul.
  6613 | D:7      | Found a flagged portal.
  6664 | Bailey   | Entered a bailey
  6757 | Bailey   | Reached skill level 7 in Transmutations
  6906 | Bailey   | Noticed an orc knight
  7227 | Bailey   | Killed an orc knight
  7429 | Bailey   | Reached **** piety under Okawaru
  7481 | Bailey   | Reached skill level 8 in Transmutations
  7481 | Bailey   | Reached skill level 1 in Ice Magic
  7694 | Bailey   | Noticed an orc sorcerer
  7709 | Bailey   | Noticed an orange demon
  7713 | Bailey   | Killed an orc sorcerer
  7909 | Bailey   | Reached XP level 10. HP: 60/73 MP: 11/16
  8001 | Bailey   | Identified the +6 short sword of Dawn {heavy, rN+ Int+3}
  8018 | Bailey   | Noticed a soul eater
  8029 | Bailey   | Gained mutation: You are agile. (Dex +4, Str/Int -1)
                  | [potion of mutation]
  8029 | Bailey   | Gained mutation: Your magical capacity is low. (-10% MP)
                  | [potion of mutation]
  8030 | Bailey   | HP: 3/73 [poisoned by a red devil]
  8036 | Bailey   | Reached skill level 5 in Ice Magic
  8433 | Bailey   | Reached skill level 5 in Spellcasting
  8652 | Bailey   | Reached ***** piety under Okawaru
  8734 | Bailey   | Found an iron altar of Okawaru.
  8906 | Bailey   | Identified the +0 robe "Qithritt" {Will+ MP+9 Str-4 Dex+7}
  9110 | D:7      | Found a broken altar of Ashenzari.
  9284 | D:7      | Received a gift from Okawaru
  9456 | D:7      | Noticed Prince Ribbit
  9470 | D:7      | Killed Prince Ribbit
  9652 | D:7      | Acquired a book of Storms
  9887 | D:7      | Learned a level 5 spell: Blade Hands
 10017 | D:8      | Noticed Joseph
 10054 | D:8      | Killed Joseph
 10179 | D:8      | Noticed a two-headed ogre
 10421 | D:8      | Reached skill level 9 in Transmutations
 10510 | D:7      | Acquired the +2 cloak of Hedge Wizardry {rElec Will+ SInv}
 10716 | D:8      | Killed a two-headed ogre
 11297 | D:8      | Reached XP level 11. HP: 76/83 MP: 10/18
 11826 | D:9      | Reached skill level 10 in Transmutations
 11837 | D:9      | Reached skill level 5 in Fighting
 11890 | D:9      | Found a staircase to the Lair.
 11891 | D:9      | Noticed a centaur warrior
 11904 | D:9      | Killed a centaur warrior
 11907 | D:9      | Received a gift from Okawaru
 12008 | D:9      | Found a snail-covered altar of Cheibriados.
 12221 | D:9      | Noticed a two-headed ogre
 12234 | D:9      | Killed a two-headed ogre
 12436 | D:9      | Found a shimmering altar of Xom.
 12552 | D:9      | Identified the +1 war axe "Killer Klown's Doom" {heavy,
                  | rElec Will+++ Stlth-}
 12633 | D:9      | Found a glowing silver altar of Zin.
 12633 | D:9      | Found an iron altar of Okawaru.
 12968 | Lair:1   | Entered Level 1 of the Lair of Beasts
 13486 | D:9      | Reached skill level 11 in Transmutations
 13721 | Lair:1   | HP: 5/106 [poisoned by a black mamba]
 14217 | Lair:1   | Reached skill level 12 in Transmutations
 14652 | D:1      | Bought a +4 ring of protection for 360 gold pieces
 14670 | D:1      | Bought a scroll of identify for 20 gold pieces
 14670 | D:1      | Bought a scroll of identify for 20 gold pieces
 14670 | D:1      | Bought a scroll of blinking for 75 gold pieces
 14674 | D:1      | Bought a scroll of teleportation for 30 gold pieces
 14710 | D:1      | Bought a pair of runed gloves for 180 gold pieces
 15222 | Lair:1   | Noticed a swamp dragon
 15300 | Lair:2   | Reached skill level 5 in Invocations
 15386 | Lair:2   | Found a staircase to the Shoals.
 15426 | Lair:2   | Noticed a skyshark
 15522 | Lair:2   | Reached XP level 12. HP: 87/96 MP: 14/20
 15536 | Lair:1   | Identified the +1 trident of the Heavens {heavy, rElec rN+
                  | Str-4} (Okawaru gifted it to you on level 1 of the Lair of
                  | Beasts)
 15536 | Lair:1   | Received a gift from Okawaru
 16109 | Lair:2   | Reached skill level 1 in Evocations
 16387 | Lair:2   | Noticed a five-headed hydra
 16397 | Lair:2   | Killed a five-headed hydra
 16897 | Lair:2   | Reached skill level 5 in Shields
 17179 | Lair:3   | Identified the +0 hat of Subleos {Drain rCorr Int+3}
                  | (Okawaru gifted it to you on level 3 of the Lair of Beasts)
 17179 | Lair:3   | Received a gift from Okawaru
 17361 | Lair:3   | Reached ****** piety under Okawaru
 17423 | Lair:3   | Found a staircase to the Snake Pit.
 17867 | Lair:3   | You are sucked into a shaft and drop 1 floor!
 18019 | Lair:3   | Reached XP level 13. HP: 97/107 MP: 14/21
 19030 | Lair:4   | Reached skill level 10 in Unarmed Combat
 19700 | Lair:5   | Entered Level 5 of the Lair of Beasts
 19708 | Lair:5   | Reached skill level 5 in Dodging
 20707 | Lair:5   | Identified the +0 pair of gloves "Xaxt" {rC- rN+ Regen+}
                  | (Okawaru gifted it to you on level 5 of the Lair of Beasts)
 20707 | Lair:5   | Received a gift from Okawaru
 21625 | Lair:5   | Gained mutation: Your large and strong wings let you fly.
                  | [Black Draconian growth]
 21625 | Lair:5   | Reached XP level 14. HP: 104/115 MP: 10/23
 21928 | Lair:5   | Reached skill level 5 in Evocations
 22036 | Lair:5   | Found a viscous altar of Jiyva.
 22037 | Lair:5   | Found a staircase to the Slime Pits.
 22409 | D:10     | Entered Level 10 of the Dungeon
 22487 | D:10     | Found Fimyteso's Antique Armour Shop.
 22491 | D:10     | Noticed Grum
 22507 | D:10     | Killed Grum
 22574 | D:10     | Found Imuin's CLEARANCE SALE!.
 22603 | D:10     | Bought a potion of curing for 15 gold pieces
 22649 | D:10     | Found a staircase to the Orcish Mines.
 22792 | D:10     | Found a portal to a secret trove of treasure.
 22891 | D:10     | Noticed Maggie
 22902 | D:10     | Killed Maggie
 23295 | Orc:1    | Entered Level 1 of the Orcish Mines
 23350 | D:10     | HP: 1/115 [ettin/+0 dire flail (38)]
 23350 | D:10     | Annihilated by an ettin

Illustrated notes

Levels and vault maps discovered:
D:1:      dpeg_arrival_long_road, layout_rooms, serial_shops,
          nicolae_shop_waterfront, nicolae_shop_window_shopping,
          nicolae_shop_waterfront, shop, nicolae_shop_tiny_waterfront,
          minmay_quantized
D:2:      minmay_general_purpose_star, layout_basic, basic_altar,
          shapermc_ecumenical_altar_pompeii, serial_bayou_ford_a, uniq_robin
D:3:      layout_rooms, tgw_kikubaaqudgha, mainiacjoe_overflow_24_doors
D:4:      layout_loops_cross, mainiacjoe_overflow_chevrons, vehumet_statue,
          grunt_gozag_breadcrumbs, mainiacjoe_overflow_six_doors_small,
          dancing_weapons_uskayaw
D:5:      layout_loops_ring, serial_shops, nicolae_shop_crystal,
          minmay_misc_feat_room, grunt_ministairs_14, doesnt_shop_hydraphobe,
          uniq_eustachio
D:6:      layout_loops_cross, minmay_temple_entry_fiery, serial_park_tiny_2,
          uniq_duvessa
D:7:      layout_loops_ring, nicolae_yredelemnul_corpse_copse,
          nicolae_ashenzari_skybound, enter_bailey_3, uniq_prince_ribbit1
D:8:      minmay_polygon_palace, layout_basic, uniq_joseph
D:9:      layout_irregular_city, marbit_many_paths,
          amethyst_overflow_temple_binary, cheibriados_altar_1,
          david_lair_generic, kennysheep_path_1
D:10:     layout_basic, hiddenorc2_lemuel, serial_shops,
          nicolae_shop_behind_doors, nicolae_trove_entry_isolated,
          nicolae_shop_clearance, uniq_grum, uniq_maggie
Lair:1:   layout_gridlike, pond
Lair:2:   wad_woods_structure_01, layout_chaotic_city,
          minmay_shoals_entry_centaurs, nicolae_lair_run_with_the_wolves,
          serial_bayou_shore_b
Lair:3:   layout_chaotic_city, guppyfry_snake_entry_island, serial_bayou_pond_b,
          infiniplex_staircase_pool_2
Lair:4:   layout_layer_cave, serial_bayou_shore_a
Lair:5:   minmay_lair_end_enchanted_forest, layout_cave_pods, slime_entry_1,
          kilobyte_rumbling_trees
Orc:1:    layout_caves

Skill      XL: |  1  2  3  4  5  6  7  8  9 10 11 12 13 14 |
---------------+-------------------------------------------+-----
Unarmed Combat | 4 5 6 8 9 10 11 | 11.0
Transmutations | 3 4 6 8 9 12 | 12.4
Poison Magic   | 2 3 |  3.0
Spellcasting   | 3 4 6 7 8 |  8.2
Dodging        | 2 3 8 |  8.0
Fighting       | 2 4 6 8 |  8.0
Stealth        | 1 2 3 |  3.0
Invocations    | 2 5 8 9 |  9.4
Shields        | 4 5 |  5.0
Air Magic      | 2 4 |  4.0
Ice Magic      | 4 6 |  6.0
Evocations     | 3 4 5 |  5.0

Action                     |  1- 3 |  4- 6 |  7- 9 | 10-12 | 13-15 || total
---------------------------+-------+-------+-------+-------+-------++-------
  Melee: Unarmed           |    99 |   142 |   505 |   720 |   521 ||  1987
         Tailslap          |    10 |    11 |    45 |    57 |   107 ||   230
         Punch             |     2 |     4 |     1 |    20 |    37 ||    64
         Headbutt          |     2 |     7 |     9 |     1 |     1 ||    20
         Kick              |     2 |    18 |     5 |     2 |     1 ||    28
   Cast: Beastly Appendage |     6 |     8 |     6 |     3 |     3 ||    26
         Wereblood         |       |     8 |    11 |    20 |    10 ||    49
         Spider Form       |       |     2 |    19 |    13 |       ||    34
         Ice Form          |       |       |       |    23 |     2 ||    25
         Blade Hands       |       |       |       |    27 |    39 ||    66
 Invoke: Heroism           |       |       |     3 |     7 |     1 ||    11
Ability: Breathe Lightning |       |       |     6 |     1 |     1 ||     8
         End Transformatio |       |       |     2 |     1 |     3 ||     6
  Evoke: Wand              |       |       |       |       |     2 ||     2
    Use: Scroll            |       |       |     3 |    11 |       ||    14
         Potion            |       |       |       |     4 |       ||     4
   Stab: Sleeping          |     1 |     2 |     1 |     2 |       ||     6
         Distracted        |       |       |     1 |     1 |     1 ||     3
         Paralysed         |       |       |       |       |     4 ||     4
 Armour: Skin              |    33 |    41 |    95 |   256 |   165 ||   590
  Dodge: Dodged            |    70 |   101 |   355 |   395 |   315 ||  1236
  Block: Buckler           |       |       |    42 |    54 |    40 ||   136

Table legend: (Time is in decaauts)
 A = Elapsed time spent in this place.
 B = Non-inter-level travel time spent in this place.
 C = Inter-level travel time spent in this place.
 D = Time resting spent in this place.
 E = Time spent auto-exploring this place.
 F = Levels seen in this place.
 G = Mean time per level.
                   A        B        C        D        E       F      G
               +--------+--------+--------+--------+--------+-----+--------+
         Total |  23132 |  22172 |    960 |   4672 |  11844 |  17 | 1360.7 |
       Dungeon |  12838 |  12049 |    789 |   2523 |   6660 |  10 | 1283.8 |
          Lair |   8000 |   7830 |    170 |    801 |   4906 |   5 | 1600.0 |
  Orcish Mines |     46 |     46 |      0 |      0 |     12 |   1 |   46.0 |
        Bailey |   2247 |   2247 |      0 |   1348 |    266 |   1 | 2247.0 |
               +--------+--------+--------+--------+--------+-----+--------+

Top non-repeatable levels by time:
  Lair:5: 2323 daAuts
     D:9: 2280 daAuts
  Bailey: 2247 daAuts
  Lair:2: 1705 daAuts
     D:7: 1645 daAuts
  Lair:4: 1602 daAuts
     D:8: 1566 daAuts
     D:6: 1536 daAuts
  Lair:1: 1209 daAuts
     D:4: 1177 daAuts
  Lair:3: 1159 daAuts
     D:5: 1154 daAuts
     D:2: 1093 daAuts
     D:1: 921 daAuts
    D:10: 874 daAuts
